[Event "Tuesday Night Engine Tour 9 rd Swiss 7m+2s Starts at 2200hrs ST"]
[Site "Infinity Chess"]
[Date "2018.4.24"]
[Round "2"]
[White "Thinker"]
[Black "Seliga"]
[Result "1/2-1/2 "]
[ECO "C50"]
[WhiteElo "2484"]
[BlackElo "2494"]
[WhiteEngine "BrainFish_180418_x64_modern_CTG"]
[BlackEngine "SF9 ''A23''_CTG"]
[EventType "Swiss"]
[WhiteTeam ""]
[BlackTeam ""]
[PlyCount "212"]
[TimeControl "420+2"]

1. e4 e5 2. Nf3 Nc6 3. Bc4 Bc5 4. O-O Nf6 5. d3 a5 6. c3 d6 7. Re1 Ba7 8. a4 O-O 
9. h3 h6 10. Nbd2 Be6 11. Bxe6 fxe6 12. Nf1 Nh5 13. Be3 Qe8 14. N1d2 Qg6 
15. Qb3 Rab8 16. Nh4 Qe8 17. g3 Nf6 18. Nhf3 Nd7 19. Bxa7 Nxa7 20. Re3 Nc6 
21. Kg2 Rf7 22. Rf1 Ra8 23. Nc4 Qc8 24. Qb5 Ra6 25. Qb3 Ra8 26. Ncd2 Qe8 
27. Qb5 Ra6 28. Qc4 Nb6 29. Qa2 Ra8 30. Nc4 Nxc4 31. Qxc4 Qd7 32. Qb5 Ra6 
33. Qb3 Rb6 34. Qc2 Ra6 35. Nd2 Rf8 36. Qb3 Raa8 37. Qb5 Rad8 38. Nf3 Ra8 
39. Nh2 Ra6 40. Qb3 Rb6 41. Qa2 Ra6 42. h4 Nb8 43. Nf3 Rf6 44. Nh2 Rb6 
45. b3 Rf8 46. Nf3 Nc6 47. Qc2 Kh7 48. Rb1 Ra6 49. Rd1 Kg8 50. Qe2 Qf7 
51. d4 exd4 52. cxd4 Nb4 53. Nd2 Qg6 54. Nc4 Raa8 55. h5 Qg5 56. Rf1 Qe7 
57. f4 b6 58. Rc3 Rae8 59. Rd1 Qf7 60. Qg4 Qe7 61. Rcc1 Rf7 62. Rd2 Qd8 
63. Kh2 Qd7 64. Na3 Ref8 65. Kg2 Re7 66. Nb5 Qd8 67. Kf3 Na6 68. Kg2 Qa8 
69. Nc3 Rff7 70. Re2 Rf8 71. Kh3 Qe8 72. Qg6 Qd8 73. Kg2 Nb4 74. Qg4 Qd7 
75. Rd1 Qc6 76. Nb5 Qa8 77. Na3 Kh8 78. Nc4 Kg8 79. Rdd2 Qc6 80. Qf3 Qe8 
81. Ne3 Qf7 82. Kg1 Qe8 83. Kh2 Qd8 84. Re1 Ree8 85. Qg4 Rf7 86. Ng2 d5 
87. exd5 Nxd5 88. Rxe6 Rxe6 89. Qxe6 Qd7 90. Re2 Qxe6 91. Rxe6 Nf6 92. Ne3 Nxh5 
93. Ng4 Nf6 94. Ne5 Rf8 95. Kh3 Rd8 96. g4 Kf8 97. Ng6+ Kg8 98. Ne5 Kf8 
99. g5 hxg5 100. fxg5 Ne4 101. Nf3 Rxd4 102. Nxd4 Nxg5+ 103. Kg2 Nxe6 
104. Nxe6+ Ke7 105. Nxc7 Kd6 106. Nb5+ Kc5 1/2-1/2

[Event "Tuesday Night Engine Tour 9 rd Swiss 7m+2s Starts at 2200hrs ST"]
[Site "Infinity Chess"]
[Date "2018.4.24"]
[Round "2"]
[White "Deep_Impact"]
[Black "Vimtiroba"]
[Result "1/2-1/2"]
[ECO "C50"]
[WhiteElo "2501"]
[BlackElo "2505"]
[WhiteEngine "BrainFish_180411_x64_bmi2"]
[BlackEngine "SF9 ''A24''_CTG"]
[EventType "Swiss"]
[WhiteTeam ""]
[BlackTeam ""]
[PlyCount "100"]
[TimeControl "420+2"]

1. e4 e5 2. Nf3 Nc6 3. Bc4 Bc5 4. O-O Nf6 5. d3 O-O 6. c3 d6 7. Re1 Bb6 8. h3 h6 
9. Nbd2 a5 10. a4 Be6 11. Bxe6 fxe6 12. Nc4 Bc5 13. Be3 Bxe3 14. Rxe3 Nd7 
15. Na3 Qe7 16. Nb5 Nf6 17. Na3 Qf7 18. Qb3 Rab8 19. Nc4 Nh5 20. Kh2 b6 
21. Qb5 Na7 22. Qa6 Nc6 23. Rf1 Rbd8 24. Qb5 Qd7 25. Ncd2 Na7 26. Qb3 Rf7 
27. Rc1 Nc6 28. g3 g5 29. Qb5 Rdf8 30. Kg2 Qe8 31. d4 Ng7 32. Nf1 exd4 
33. cxd4 Nb4 34. N1h2 Qxb5 35. axb5 Ne8 36. Re2 Nf6 37. Ne1 Kg7 38. Nhf3 Re7 
39. Nd2 d5 40. exd5 Nfxd5 41. Rc4 c6 42. bxc6 Rc8 43. Nef3 Rxc6 44. Ne5 Rcc7 
45. Ne4 Rxc4 46. Nxc4 Nc6 47. Nc3 Kf6 48. Ne4+ Kg7 49. Nc3 Kf6 50. Ne4+ Kg7 
1/2-1/2

[Event "Tuesday Night Engine Tour 9 rd Swiss 7m+2s Starts at 2200hrs ST"]
[Site "Infinity Chess"]
[Date "2018.4.24"]
[Round "2"]
[White "Victorious"]
[Black "Murx"]
[Result "0-1 "]
[ECO "C55"]
[WhiteElo "2515"]
[BlackElo "2541"]
[WhiteEngine "CFish_210418_x64_N_pop_LTO_730mingw"]
[BlackEngine "asmFishW_2018-04-07_popcnt"]
[EventType "Swiss"]
[WhiteTeam ""]
[BlackTeam ""]
[PlyCount "202"]
[TimeControl "420+2"]

1. e4 e5 2. Nf3 Nc6 3. Bc4 Nf6 4. d3 a6 5. Ng5 d5 6. exd5 Na5 7. Qf3 Bd6 
8. Nc3 O-O 9. Bb3 Bg4 10. Qe3 b5 11. Nge4 Nxe4 12. dxe4 Nxb3 13. axb3 f5 
14. Qg3 h5 15. f3 f4 16. Qf2 Bd7 17. g3 Qf6 18. gxf4 exf4 19. Ne2 Be5 
20. Bd2 Bxb2 21. Ra2 Be5 22. Qc5 Bd6 23. Qd4 Qe7 24. h4 c6 25. Qd3 Rf7 
26. Kd1 cxd5 27. Qxd5 Rd8 28. Ba5 Rc8 29. Qxh5 Be6 30. Nd4 Bc5 31. Qe5 Bxd4 
32. Qxd4 Qe8 33. Qe5 Qd7+ 34. Ke2 Re8 35. Qg5 Rf5 36. Qg2 Rd5 37. Rg1 Bh3 
38. Qh2 Bf5 39. Qg2 Bh3 40. Qh2 b4 41. Bxb4 Rd4 42. Qxf4 Rxb4 43. Ra5 Rf8 
44. Qe5 Rc8 45. Rd5 Qf7 46. Kd2 Rb5 47. Rg5 Bd7 48. Rxb5 axb5 49. Kc1 Rc6 
50. Kb1 Re6 51. Qb8+ Kh7 52. Rf5 Rf6 53. Rxf6 Qxf6 54. Qc7 Qe6 55. f4 Qc6 
56. Qd8 Bg4 57. Qd3 Qd7 58. Qe3 Qe6 59. Qd4 Qh6 60. Qf2 Qf6 61. Qg3 Qe6 
62. Kb2 b4 63. Qd3 Bh5 64. Qd4 Qe7 65. e5 Bg6 66. c3 bxc3+ 67. Kxc3 Qb7 
68. Qe3 Qd5 69. Kb4 Bf5 70. Qe2 Qb7+ 71. Kc3 Qc6+ 72. Kb2 Kh6 73. Qf2 Kh7 
74. Qe2 Qd7 75. Kc3 Qc7+ 76. Kb2 Kh6 77. Qd1 Kg6 78. Qg1+ Kh7 79. Qd1 Bg6 
80. Qd2 Qc5 81. Ka2 Qa7+ 82. Kb2 Qc5 83. Ka2 Qg1 84. Kb2 Qb1+ 85. Kc3 Qa1+ 
86. Kb4 Qa7 87. h5 Qb7+ 88. Ka3 Bf5 89. Qe3 Kh6 90. Qg1 Qe7+ 91. Kb2 Kxh5 
92. Qg3 Kh6 93. Qc3 Qd7 94. Qf3 Qd4+ 95. Ka3 Kg6 96. Qg2+ Kf7 97. Qg5 Qa1+ 
98. Kb4 Qd4+ 99. Ka3 Qc5+ 100. Kb2 g6 101. Qg3 Qc2+ 0-1

[Event "Tuesday Night Engine Tour 9 rd Swiss 7m+2s Starts at 2200hrs ST"]
[Site "Infinity Chess"]
[Date "2018.4.24"]
[Round "2"]
[White "KRAKEN"]
[Black "crossbones"]
[Result "1/2-1/2 "]
[ECO "E10"]
[WhiteElo "2572"]
[BlackElo "2400"]
[WhiteEngine "Raubfisch ME262_GTZ17b2_CTG"]
[BlackEngine "Cryptic Heroes 9.4B"]
[EventType "Swiss"]
[WhiteTeam ""]
[BlackTeam ""]
[PlyCount "163"]
[TimeControl "420+2"]

1. d4 Nf6 2. c4 e6 3. Nf3 d5 4. Nc3 Bb4 5. Bg5 h6 6. Bxf6 Qxf6 7. e3 c5 
8. Rc1 cxd4 9. Nxd4 Nc6 10. cxd5 exd5 11. a3 Bxc3+ 12. Rxc3 Nxd4 13. Qxd4 Qxd4 
14. exd4 Kd7 15. Kd2 Kd6 16. h4 g6 17. Rf3 Be6 18. a4 h5 19. Bb5 Rhc8 20. a5 Bf5 
21. Bd3 Be6 22. Ra1 Rab8 23. Bb5 Bf5 24. Bd3 Be6 25. Bb5 Bf5 26. Rc3 f6 
27. g3 Rxc3 28. bxc3 Rg8 29. Be2 Re8 30. Rh1 Ra8 31. Bb5 Rg8 32. Re1 Be4 
33. Be2 Bf5 34. Rf1 Re8 35. Rd1 Ra8 36. Ra1 Re8 37. Rc1 Rb8 38. Bb5 Rg8 
39. Re1 Be4 40. Rc1 Bf5 41. Be2 Rb8 42. Bf3 Bg4 43. Bg2 Bf5 44. Re1 Rg8 
45. Ra1 Rg7 46. Bf3 Bg4 47. Bg2 Bf5 48. Re1 Rg8 49. Bf3 Bg4 50. Bxg4 hxg4 
51. Kc2 b6 52. a6 Kd7 53. Kb3 Re8 54. Rxe8 Kxe8 55. Kc2 Kd7 56. f3 gxf3 
57. Kd3 f2 58. Ke2 f1=Q+ 59. Kxf1 f5 60. Kg2 Kd6 61. Kf3 Ke7 62. Kf4 Kf6 
63. Ke3 Ke7 64. Kf3 Ke6 65. Kf2 Kd6 66. Kf3 Ke7 67. Ke3 Ke6 68. Kf4 Kf6 
69. g4 fxg4 70. Kxg4 b5 71. Kg3 Kf5 72. Kf3 g5 73. hxg5 Kxg5 74. Ke3 Kf5 
75. Kd3 Ke6 76. Ke3 Kf5 77. Kd3 Ke6 78. Kd2 Ke7 79. Kc2 Kd6 80. Kb2 Kc6 
81. Ka3 Kb6 82. Kb4 1/2-1/2

[Event "Tuesday Night Engine Tour 9 rd Swiss 7m+2s Starts at 2200hrs ST"]
[Site "Infinity Chess"]
[Date "2018.4.24"]
[Round "1"]
[White "star99"]
[Black "firestar"]
[Result "1/2-1/2"]
[ECO "D10"]
[WhiteElo "2464"]
[BlackElo "2400"]
[WhiteEngine "Cryptic Heroes 9.4B"]
[BlackEngine "Cryptic Heroes 9.4B"]
[EventType "Swiss"]
[WhiteTeam ""]
[BlackTeam ""]
[PlyCount "145"]
[TimeControl "420+2"]

1. d4 d5 2. c4 c6 3. cxd5 cxd5 4. Bf4 Nc6 5. e3 Nf6 6. Nc3 Bf5 7. Qb3 Na5 
8. Qa4+ Bd7 9. Qc2 e6 10. Bd3 Nc6 11. Qd1 Nb4 12. Bb1 Qb6 13. a3 Nc6 14. Bd3 Nh5 
15. Bg3 Nxg3 16. hxg3 h6 17. Na4 Qc7 18. Rc1 Qa5+ 19. Nc3 a6 20. Nf3 g6 
21. Nd2 Bg7 22. f4 O-O 23. Nb3 Qc7 24. g4 Rfd8 25. O-O Be8 26. Rc2 Rac8 
27. Rcf2 Qe7 28. Qf3 f5 29. gxf5 exf5 30. Nxd5 Qd6 31. Nc3 Bf7 32. Bc2 Re8 
33. Rd1 b5 34. Nc5 Na5 35. Re2 Nc4 36. Bb3 Kh7 37. Qf2 Qc6 38. Ba2 Rcd8 
39. b4 Qb6 40. Ree1 a5 41. Bb3 axb4 42. axb4 Re7 43. Kh2 Rde8 44. Rd3 Qb8 
45. Kh1 Kh8 46. Re2 Bg8 47. Re1 Qb6 48. Kg1 Qb8 49. d5 Nd6 50. Ne2 Nc4 
51. Nc3 Rd8 52. Rc1 Bf7 53. Re1 Bg8 54. Rc1 Bf7 55. Rcd1 Ree8 56. Re1 Kh7 
57. e4 fxe4 58. Rxe4 Rxe4 59. N5xe4 Nd6 60. Kh2 g5 61. Nxd6 Qxd6 62. Nxb5 Qxb4 
63. Nd4 Bxd4 64. Qxd4 Qxd4 65. Rxd4 gxf4 66. Rxf4 Kg6 67. g3 Rd7 68. Bc2+ Kg7 
69. g4 Bxd5 70. Be4 Bf7 71. Kg3 Rd4 72. Bf5 Rxf4 73. Kxf4 1/2-1/2

[Event "Tuesday Night Engine Tour 9 rd Swiss 7m+2s Starts at 2200hrs ST"]
[Site "Infinity Chess"]
[Date "2018.4.24"]
[Round "1"]
[White "TasicV"]
[Black "blindfoldchess"]
[Result "1/2-1/2"]
[ECO "C42"]
[WhiteElo "2483"]
[BlackElo "2400"]
[WhiteEngine "stockfish_18041408_x64_modern_CTG"]
[BlackEngine "Cryptic Heroes 9.4B"]
[EventType "Swiss"]
[WhiteTeam ""]
[BlackTeam ""]
[PlyCount "82"]
[TimeControl "420+2"]

1. e4 e5 2. Nf3 Nf6 3. Nxe5 d6 4. Nf3 Nxe4 5. d4 d5 6. Bd3 Nc6 7. O-O Be7 
8. c4 Nf6 9. Nc3 dxc4 10. Bxc4 O-O 11. h3 h6 12. Bf4 Bd6 13. Ne5 Be6 
14. Bxe6 fxe6 15. Nxc6 bxc6 16. Be3 Nd5 17. Qg4 Qf6 18. Ne4 Qf5 19. Rae1 Rab8 
20. Bc1 Nb4 21. Nxd6 Qxg4 22. hxg4 cxd6 23. Rxe6 Nxa2 24. Rxd6 Nxc1 
25. Rxc1 Rxb2 26. f3 Re8 27. Rcxc6 Ree2 28. Rd8+ Kf7 29. Rd7+ Ke8 30. Rxg7 Rxg2+ 
31. Kf1 Kd8 32. Rd6+ Ke8 33. Rxh6 Rbf2+ 34. Ke1 Re2+ 35. Kd1 Rd2+ 36. Kc1 Rc2+ 
37. Kb1 Rb2+ 38. Ka1 Ra2+ 39. Kb1 Rab2+ 40. Ka1 Ra2+ 41. Kb1 Rab2+ 1/2-1/2

[Event "Tuesday Night Engine Tour 9 rd Swiss 7m+2s Starts at 2200hrs ST"]
[Site "Infinity Chess"]
[Date "2018.4.24"]
[Round "1"]
[White "juggernaut"]
[Black "Thinker"]
[Result "1/2-1/2"]
[ECO "C26"]
[WhiteElo "2400"]
[BlackElo "2488"]
[WhiteEngine "Cryptic Heroes 9.4B"]
[BlackEngine "BrainFish_180418_x64_modern_CTG"]
[EventType "Swiss"]
[WhiteTeam ""]
[BlackTeam ""]
[PlyCount "98"]
[TimeControl "420+2"]

1. e4 e5 2. Nc3 Nf6 3. g3 Bc5 4. Nge2 Ng4 5. d4 exd4 6. Nxd4 Nxf2 7. Kxf2 Qf6+ 
8. Ke3 Nc6 9. Ncb5 O-O 10. c3 d5 11. Bg2 a6 12. Nxc7 dxe4 13. Bxe4 Bf5 
14. Bxf5 Qxf5 15. Rf1 Qe5+ 16. Kf3 Qxc7 17. Bf4 Qc8 18. Kg2 Bxd4 19. cxd4 Qf5 
20. d5 Rad8 21. Bd6 Qe4+ 22. Qf3 Qxf3+ 23. Rxf3 Rxd6 24. dxc6 Rxc6 25. Rd1 Rfc8 
26. Rd7 R6c7 27. Rxc7 Rxc7 28. Rb3 b5 29. g4 Rc4 30. Kg3 g6 31. h4 Ra4 
32. a3 Rd4 33. Re3 a5 34. h5 gxh5 35. gxh5 Rd5 36. h6 Kf8 37. Rc3 a4 38. b3 axb3 
39. Rxb3 Ke7 40. Kg4 Kf6 41. Kf4 Kg6 42. Kg4 Rg5+ 43. Kf3 Kxh6 44. Rb4 Kg6 
45. a4 bxa4 46. Rxa4 h5 47. Ra6+ f6 48. Ra4 Rf5+ 49. Kg3 Rd5 1/2-1/2

[Event "Tuesday Night Engine Tour 9 rd Swiss 7m+2s Starts at 2200hrs ST"]
[Site "Infinity Chess"]
[Date "2018.4.24"]
[Round "1"]
[White "Seliga"]
[Black "quicksilver"]
[Result "1/2-1/2"]
[ECO "A05"]
[WhiteElo "2498"]
[BlackElo "2400"]
[WhiteEngine "SF9 ''A23''_CTG"]
[BlackEngine "Cryptic Heroes 9.4B"]
[EventType "Swiss"]
[WhiteTeam ""]
[BlackTeam ""]
[PlyCount "146"]
[TimeControl "420+2"]

1. Nf3 Nf6 2. d4 e6 3. Bf4 d5 4. e3 c5 5. Nbd2 Nc6 6. c3 Bd6 7. Bg3 O-O 
8. Bd3 b6 9. e4 Be7 10. e5 Nh5 11. a3 a5 12. Ng1 g6 13. Ne2 Ba6 14. Bxa6 Rxa6 
15. f4 cxd4 16. cxd4 a4 17. Bf2 Ng7 18. g4 b5 19. O-O Qc7 20. h3 Rc8 21. Nc3 Qb7 
22. Qf3 Raa8 23. Rfb1 Na5 24. Qe2 Rab8 25. Na2 Rc2 26. Qd3 Rc7 27. Be1 f5 
28. exf6 Bxf6 29. Nc1 Ne8 30. Nf3 Nc4 31. b3 axb3 32. Nxb3 Ned6 33. a4 Qc8 
34. axb5 Nxb5 35. Rc1 Be7 36. Ng5 Rb6 37. Bf2 Bd6 38. Bg3 Ba3 39. Rc2 Be7 
40. Kh2 Bf6 41. Nf3 Ne5 42. Rxc7 Nxf3+ 43. Qxf3 Nxc7 44. Rc1 Qb8 45. Rc3 Nb5 
46. f5 Qe8 47. Rc2 Nxd4 48. Nxd4 Bxd4 49. Rd2 Bf6 50. fxe6 Qxe6 51. Qxd5 Qxd5 
52. Rxd5 Rb2+ 53. Kg1 Rb1+ 54. Kg2 Rb2+ 55. Kf3 Rb4 56. g5 Rb3+ 57. Kg2 Rb2+ 
58. Kf1 Rb1+ 59. Ke2 Be7 60. Kf3 Rb3+ 61. Kg2 Rb2+ 62. Kf3 Rb3+ 63. Kf2 Rb2+ 
64. Kf3 h6 65. gxh6 Rb3+ 66. Kg4 Bf6 67. Be1 Kh7 68. Bd2 g5 69. Rd6 Be5 
70. Rd7+ Kg6 71. Rg7+ Bxg7 72. hxg7 Kxg7 73. Bxg5 Kg6 1/2-1/2

[Event "Tuesday Night Engine Tour 9 rd Swiss 7m+2s Starts at 2200hrs ST"]
[Site "Infinity Chess"]
[Date "2018.4.24"]
[Round "1"]
[White "ironchess"]
[Black "Deep_Impact"]
[Result "1/2-1/2"]
[ECO "C50"]
[WhiteElo "2400"]
[BlackElo "2505"]
[WhiteEngine "Cryptic Heroes 9.4B"]
[BlackEngine "BrainFish_180411_x64_bmi2"]
[EventType "Swiss"]
[WhiteTeam ""]
[BlackTeam ""]
[PlyCount "82"]
[TimeControl "420+2"]

1. e4 e5 2. Nf3 Nc6 3. Bc4 Bc5 4. O-O Nf6 5. d3 d6 6. Nc3 h6 7. Na4 Bb6 
8. c3 O-O 9. b4 Ne7 10. Nxb6 axb6 11. a4 Ng6 12. Re1 c6 13. h3 Re8 14. Bd2 d5 
15. exd5 Nxd5 16. Qb3 Bf5 17. b5 Qd6 18. Rab1 Qf6 19. bxc6 bxc6 20. Bxd5 cxd5 
21. Qxb6 Rxa4 22. Qxf6 gxf6 23. Ra1 Rxa1 24. Rxa1 Bxd3 25. Bxh6 Rc8 26. Ra5 Ne7 
27. Bd2 Rb8 28. Nh4 Kg7 29. Be3 Be4 30. f3 Bb1 31. Bf2 Rb3 32. Rc5 Ng6 
33. Nxg6 Bxg6 34. Rxd5 Rxc3 35. Be1 Rc1 36. Kf2 Rc2+ 37. Rd2 Rc6 38. Re2 Bd3 
39. Rd2 Bg6 40. Re2 Bd3 41. Rd2 Bg6 1/2-1/2

[Event "Tuesday Night Engine Tour 9 rd Swiss 7m+2s Starts at 2200hrs ST"]
[Site "Infinity Chess"]
[Date "2018.4.24"]
[Round "1"]
[White "Vimtiroba"]
[Black "draxlord"]
[Result "1/2-1/2"]
[ECO "A05"]
[WhiteElo "2509"]
[BlackElo "2400"]
[WhiteEngine "SF9 ''A24''_CTG"]
[BlackEngine "Cryptic Heroes 9.4B"]
[EventType "Swiss"]
[WhiteTeam ""]
[BlackTeam ""]
[PlyCount "146"]
[TimeControl "420+2"]

1. Nf3 Nf6 2. d4 d5 3. g3 c5 4. c3 Nc6 5. Bg2 cxd4 6. cxd4 Bf5 7. Nc3 e6 
8. O-O Bd6 9. Nh4 Bg4 10. Bg5 h6 11. Bxf6 Qxf6 12. h3 Bh5 13. Bf3 Bxf3 
14. Nxf3 O-O 15. Kg2 Qg6 16. e3 Rac8 17. Qb1 Qxb1 18. Raxb1 Bb4 19. Ne2 g5 
20. Ne1 Bxe1 21. Rfxe1 Kg7 22. Rec1 Nb4 23. a3 Nc6 24. b4 f6 25. a4 Ne7 
26. b5 Rxc1 27. Rxc1 Rc8 28. Rxc8 Nxc8 29. f3 Nb6 30. Nc3 a5 31. bxa6 bxa6 
32. e4 dxe4 33. fxe4 Nc4 34. Kf3 f5 35. d5 exd5 36. exf5 Kf6 37. Nxd5+ Kxf5 
38. Nc3 a5 39. Ne2 Ne5+ 40. Ke3 Nc4+ 41. Kd4 Nb2 42. g4+ Ke6 43. Nc3 Kd6 
44. Ne4+ Kc7 45. Nc5 Kd6 46. Nb7+ Ke6 47. Nxa5 Nxa4 48. Nc4 Kf7 49. Nd6+ Ke6 
50. Ne4 Nb2 51. Nc5+ Kf7 52. Ke3 Nc4+ 53. Kd4 Nb6 54. Nd3 Na4 55. Ke4 Nc3+ 
56. Kf5 Ne2 57. Ke5 Ng1 58. Kf5 Nf3 59. Ke4 Nd2+ 60. Kf5 Nf3 61. Nc5 Nd4+ 
62. Ke4 Nc6 63. Kf3 Nd4+ 64. Ke4 Ne2 65. Kf5 Nf4 66. h4 Ne2 67. hxg5 Ng3+ 
68. Kf4 Ne2+ 69. Ke3 Ng1 70. Nd3 hxg5 71. Kf2 Nh3+ 72. Kf3 Kf6 73. Nf2 Nxf2 
1/2-1/2

[Event "Tuesday Night Engine Tour 9 rd Swiss 7m+2s Starts at 2200hrs ST"]
[Site "Infinity Chess"]
[Date "2018.4.24"]
[Round "1"]
[White "mcstar"]
[Black "Victorious"]
[Result "1/2-1/2 "]
[ECO "D30"]
[WhiteElo "2400"]
[BlackElo "2520"]
[WhiteEngine "Cryptic Heroes 9.4B"]
[BlackEngine "CFish_210418_x64_N_pop_LTO_730mingw"]
[EventType "Swiss"]
[WhiteTeam ""]
[BlackTeam ""]
[PlyCount "147"]
[TimeControl "420+2"]

1. d4 d5 2. c4 e6 3. Nf3 Nf6 4. Nc3 c6 5. e3 Nbd7 6. Qc2 Bd6 7. Bd3 O-O 
8. O-O dxc4 9. Bxc4 b5 10. Bd3 Bb7 11. e4 e5 12. h3 exd4 13. Nxd4 Nc5 
14. Rd1 Qc7 15. Bg5 Bh2+ 16. Kh1 Be5 17. Nf3 h6 18. Be3 Nxd3 19. Rxd3 b4 
20. Na4 Nxe4 21. Nc5 Nxc5 22. Bxc5 Rfe8 23. Nxe5 Qxe5 24. Re3 Qh5 25. Rg3 a5 
26. a3 Re5 27. axb4 axb4 28. Rxa8+ Bxa8 29. Bxb4 c5 30. Bd2 Be4 31. Qc3 Bg6 
32. Re3 Rd5 33. Re8+ Kh7 34. Be3 Bb1 35. f3 Qf5 36. Qb3 Re5 37. Rxe5 Qxe5 
38. Qc3 Qxc3 39. bxc3 c4 40. h4 Bc2 41. g4 h5 42. Kg2 Kg6 43. Kf2 f6 44. Kg3 Bd3 
45. Bc1 f5 46. g5 Kf7 47. Be3 Ke6 48. Bd4 g6 49. Kf4 Be2 50. Bg1 Bd1 51. Bf2 Bc2 
52. Be3 Bb1 53. Bc1 Ba2 54. Ba3 Bb1 55. Bc1 Ba2 56. Ba3 Bb1 57. Bf8 Ba2 
58. Bc5 Bb1 59. Ke3 Ke5 60. Bd4+ Ke6 61. Bf6 Bc2 62. Kf4 Kd5 63. Bd4 Bb1 
64. Bg1 Ba2 65. Bh2 Bb1 66. Bg1 Ba2 67. Bf2 Bb1 68. Be3 Ba2 69. Bb6 Bb1 
70. Kg3 Bd3 71. Kf4 Bb1 72. Ba7 Ba2 73. Bg1 Bb1 74. Ke3 1/2-1/2

[Event "Tuesday Night Engine Tour 9 rd Swiss 7m+2s Starts at 2200hrs ST"]
[Site "Infinity Chess"]
[Date "2018.4.24"]
[Round "1"]
[White "Murx"]
[Black "stormbreaker990"]
[Result "1/2-1/2"]
[ECO "A00"]
[WhiteElo "2547"]
[BlackElo "2400"]
[WhiteEngine "asmFishW_2018-04-07_popcnt"]
[BlackEngine "Cryptic Heroes 9.4B"]
[EventType "Swiss"]
[WhiteTeam ""]
[BlackTeam ""]
[PlyCount "106"]
[TimeControl "420+2"]

1. c3 d5 2. g3 e5 3. d3 c5 4. Bg2 Nc6 5. Nf3 Be7 6. O-O Nf6 7. Nbd2 O-O 8. e4 d4 
9. Nc4 Bg4 10. cxd4 cxd4 11. h3 Bxf3 12. Qxf3 Nd7 13. Qe2 b5 14. Nd2 Nc5 
15. Nf3 a5 16. Bd2 Qd6 17. Ne1 Nb4 18. Bf3 Rfe8 19. Bg4 Qb6 20. f4 Bd6 
21. Qf3 Ra7 22. Rf2 Rea8 23. Qe2 Re8 24. Qf3 Kh8 25. Re2 Nc6 26. h4 Nb4 
27. Bh3 Kg8 28. f5 Be7 29. Rh2 Rc7 30. g4 Bxh4 31. Bf1 Bxe1 32. Rxe1 Nc2 
33. Qh3 h6 34. Rb1 Ne3 35. g5 Rc6 36. Be2 Qd8 37. Bxe3 dxe3 38. Qxe3 hxg5 
39. Kg2 Qf6 40. Qd2 Rec8 41. Qxa5 Qd6 42. Qxb5 Qd4 43. Rbh1 Rh6 44. Rxh6 gxh6 
45. Qb6 Qe3 46. Bf1 Qf4 47. Rxh6 Nxd3 48. Bxd3 Qd2+ 49. Kg1 Qxd3 50. Rg6+ Kh7 
51. Rh6+ Kg8 52. Rg6+ Kh7 53. Rh6+ Kg8 1/2-1/2

[Event "Tuesday Night Engine Tour 9 rd Swiss 7m+2s Starts at 2200hrs ST"]
[Site "Infinity Chess"]
[Date "2018.4.24"]
[Round "1"]
[White "OlivierEvan"]
[Black "KRAKEN"]
[Result "0-1 "]
[ECO ""]
[WhiteElo "2444"]
[BlackElo "2561"]
[WhiteEngine "Houdini 6"]
[BlackEngine "Raubfisch ME262_GTZ17b2_CTG"]
[EventType "Swiss"]
[WhiteTeam ""]
[BlackTeam ""]
[PlyCount "129"]
[TimeControl "420+2"]

1. e3 d5 2. b4 e5 3. Bb2 Nd7 4. a3 Ngf6 5. c4 c6 6. d4 e4 7. Nd2 Bd6 8. Ne2 O-O 
9. Nc3 Re8 10. b5 Bc7 11. Qc2 dxc4 12. Nxc4 Nb6 13. bxc6 Nxc4 14. Bxc4 bxc6 
15. Rb1 Ng4 16. h3 Qh4 17. Nd1 Nf6 18. Kf1 Bd6 19. Kg1 Be6 20. Be2 Rab8 
21. Bc3 Rxb1 22. Qxb1 Bxa3 23. Qa1 Bd6 24. Qxa7 Nd5 25. Bb2 Rb8 26. Ba3 Bc7 
27. Qc5 Bd7 28. Bc1 Ra8 29. Nc3 Ra5 30. Qc4 Bd6 31. Nxd5 cxd5 32. Qb3 Ra1 
33. Qb2 Ra8 34. Bd2 h5 35. Be1 Qg5 36. g3 h4 37. g4 Be6 38. Qb6 Qe7 39. Kg2 g6 
40. Qc6 Ra3 41. Rf1 Kh7 42. Kh1 Ra2 43. Bd1 Rb2 44. Rg1 Qf8 45. Qc1 Qb8 
46. Qc6 Kg7 47. Rf1 Rb1 48. Qc2 Bd7 49. Kg1 Bh2+ 50. Kh1 Bd6 51. Kg1 f5 
52. gxf5 Bxf5 53. Kg2 Ra1 54. Rg1 Qa7 55. Be2 Be6 56. Bd1 Qd7 57. Kh1 Qf7 
58. Bc3 Ra7 59. Be1 Bxh3 60. Qb1 Rb7 61. Qc2 Bc7 62. Rg5 Bb8 63. Rg1 Qf6 
64. Bh5 Bf5 65. Qc5 0-1

[Event "Tuesday Night Engine Tour 9 rd Swiss 7m+2s Starts at 2200hrs ST"]
[Site "Infinity Chess"]
[Date "2018.4.24"]
[Round "1"]
[White "Susanne"]
[Black "Dovahkiin"]
[Result "1/2-1/2"]
[ECO "C53"]
[WhiteElo "2630"]
[BlackElo "2449"]
[WhiteEngine "asmFishW_IX_bmi2_CTG"]
[BlackEngine "BrainFish_180423_x64_modern_CTG"]
[EventType "Swiss"]
[WhiteTeam ""]
[BlackTeam ""]
[PlyCount "54"]
[TimeControl "420+2"]

1. e4 e5 2. Nf3 Nc6 3. Bc4 Bc5 4. c3 Nf6 5. d3 d6 6. O-O O-O 7. Re1 a5 8. h3 h6 
9. Nbd2 Be6 10. Bb5 Qb8 11. Nf1 Qa7 12. Be3 Bxe3 13. Nxe3 Ne7 14. a4 Ng6 
15. Bc4 Bxc4 16. Nxc4 Qa6 17. g3 Rfe8 18. Ne3 Rad8 19. h4 Qc6 20. Nd2 b6 
21. Ndc4 Re6 22. Qf3 Ne7 23. Re2 Re8 24. Nd2 Rd8 25. Ndc4 Re8 26. Nd2 Qd7 
27. Ndc4 Qc6 1/2-1/2

[Event "Wednesday April 4 Engine Tour 9 Rd Swiss 12m+1s Starts at 1600hrs ST"]
[Site "Infinity Chess"]
[Date "2018.4.4"]
[Round "9"]
[White "ocirema"]
[Black "Thinker"]
[Result "1/2-1/2"]
[ECO "C50"]
[WhiteElo "2412"]
[BlackElo "2439"]
[WhiteEngine "asmFishW_2018-04-01_popcnt_CTG"]
[BlackEngine "BrainFish_180329_x64_modern_CTG"]
[EventType "Swiss"]
[WhiteTeam ""]
[BlackTeam ""]
[PlyCount "98"]
[TimeControl "720+1"]

1. e4 e5 2. Nf3 Nc6 3. Bc4 Bc5 4. O-O Nf6 5. d3 O-O 6. Bb3 d6 7. Nbd2 a5 
8. c3 h6 9. Re1 Be6 10. Ba4 Ng4 11. Re2 Qb8 12. h3 Nf6 13. Nf1 b5 14. Bb3 Qb6 
15. Ne3 Bxb3 16. axb3 Bxe3 17. Bxe3 Qb8 18. d4 Re8 19. dxe5 dxe5 20. Qc2 Nd8 
21. Nh4 Ne6 22. Ree1 a4 23. Rad1 axb3 24. Qxb3 Nxe4 25. Qd5 Nf6 26. Qxe5 c6 
27. Qxb8 Rexb8 28. Rd6 Ra2 29. b4 Rc8 30. Ng6 Re8 31. Ne5 Nd5 32. Rxc6 Rc2 
33. Rd6 Nxc3 34. Bd2 Nc7 35. Bxc3 Rxc3 36. Kf1 Rb3 37. Nd3 Kf8 38. Rd7 Rxe1+ 
39. Kxe1 Ne8 40. Ke2 Nf6 41. Rb7 Ne4 42. f4 Ke8 43. Ke3 Nd6 44. Ra7 Rc3 
45. Kd4 Rc2 46. Ra8+ Ke7 47. Ra7+ Ke8 48. Ra8+ Ke7 49. Ra7+ Ke8 1/2-1/2

[Event "Wednesday April 4 Engine Tour 9 Rd Swiss 12m+1s Starts at 1600hrs ST"]
[Site "Infinity Chess"]
[Date "2018.4.4"]
[Round "9"]
[White "Seliga"]
[Black "Vimtiroba"]
[Result "1/2-1/2"]
[ECO "C50"]
[WhiteElo "2463"]
[BlackElo "2400"]
[WhiteEngine "SF9 ''M24''_CTG"]
[BlackEngine "AsmFish@ ''A3''_CTG"]
[EventType "Swiss"]
[WhiteTeam ""]
[BlackTeam ""]
[PlyCount "87"]
[TimeControl "720+1"]

1. e4 e5 2. Nf3 Nc6 3. Bc4 Bc5 4. d3 Nf6 5. c3 O-O 6. O-O d6 7. Bg5 a5 8. a4 h6 
9. Bh4 Be6 10. Nbd2 Qe7 11. Re1 g5 12. Bg3 Ne8 13. h3 Ng7 14. Qb3 Rab8 
15. Rad1 Bb6 16. Bxe6 fxe6 17. Nc4 Ba7 18. Ne3 Nh5 19. Bh2 Nf4 20. Nf5 Qf6 
21. Bxf4 exf4 22. N5d4 Bxd4 23. cxd4 Nxd4 24. Nxd4 Qxd4 25. Rc1 Rf7 26. Qxe6 Kg7 
27. Qb3 Qe5 28. Rc4 b5 29. Rc6 Rb6 30. Rxb6 cxb6 31. Rc1 f3 32. axb5 fxg2 
33. Qc3 Qxc3 34. Rxc3 d5 35. e5 d4 36. Rc4 Re7 37. Rc6 Rxe5 38. Rxb6 Re2 
39. Ra6 Rxb2 40. b6 Rb3 41. Rxa5 Kf6 42. Rd5 Rxb6 43. Rxd4 Ke5 44. Rd8 1/2-1/2

[Event "Wednesday April 4 Engine Tour 9 Rd Swiss 12m+1s Starts at 1600hrs ST"]
[Site "Infinity Chess"]
[Date "2018.4.4"]
[Round "9"]
[White "Marsell"]
[Black "angriff"]
[Result "1/2-1/2"]
[ECO "C53"]
[WhiteElo "2474"]
[BlackElo "2376"]
[WhiteEngine "asmFishW_2018-04-02_bmi2"]
[BlackEngine "DracoREX 3.07 64BIT POPCNT_CTG"]
[EventType "Swiss"]
[WhiteTeam ""]
[BlackTeam ""]
[PlyCount "98"]
[TimeControl "720+1"]

1. e4 e5 2. Nf3 Nc6 3. Bc4 Bc5 4. c3 Nf6 5. d3 d6 6. O-O O-O 7. h3 a6 8. Re1 Ba7 
9. Bb3 h6 10. Nbd2 Re8 11. Nf1 Be6 12. Bc2 d5 13. Qe2 b5 14. Bd2 Qd7 15. Ng3 d4 
16. a4 Bc5 17. Rec1 Qd6 18. Nh4 Qd7 19. Qe1 Rab8 20. axb5 axb5 21. Nf3 Qd6 
22. Ne2 Nxe4 23. dxe4 d3 24. b4 Bb6 25. Bd1 dxe2 26. Bxe2 Ne7 27. Bxb5 Bxf2+ 
28. Qxf2 Rxb5 29. c4 Rbb8 30. b5 Ra8 31. Rxa8 Rxa8 32. Qe3 c5 33. Be1 Nc8 
34. Bf2 Nb6 35. Qxc5 Qxc5 36. Bxc5 Nxc4 37. b6 Ra5 38. Rb1 Bc8 39. Be7 Bb7 
40. Rb4 Ra1+ 41. Kh2 Rc1 42. Ra4 Bc6 43. Rb4 Bb7 44. Rb5 Rc2 45. Rc5 Bxe4 
46. Ne1 Rc1 47. Nf3 Rc2 48. Ne1 Rc1 49. Nf3 Rc2 1/2-1/2